 Dungeon Crawl Stone Soup version 0.21-a0-426-g98080a9 (webtiles) character file.

20 mastercheaf21 the Insei (level 2, -1/18 HPs)
             Began as an Octopode Transmuter on Nov 7, 2017.
             Slain by a hobgoblin
             ... wielding a +0 club
              (8 damage)
             ... on level 1 of the Dungeon.
             The game lasted 00:03:23 (760 turns).

mastercheaf21 the Insei (Octopode Transmuter)        Turns: 760, Time: 00:03:24

Health: -1/18      AC:  1    Str:  9    XL:     2   Next: 79%
Magic:  5/5        EV: 13    Int: 15    God:
Gold:   21         SH:  0    Dex: 12    Spells: 4/5 levels left

rFire    . . .     SeeInvis .     - Unarmed
rCold    . . .     Gourm    .   (no shield)
rNeg     . . .     Faith    .   (helmet restricted)
rPois    .         Spirit   .   (no amulet)
rElec    .         Reflect  .   (no ring)
rCorr    .         Harm     .   (no ring)
MR       .....                  (no ring)
Stlth    +++.......             (no ring)
HPRegen  0.06/turn              (no ring)
MPRegen  0.09/turn              (no ring)
                                (no ring)
                                (no ring)

@: drained
A: almost no armour, stealthy swim, amphibious, 8 rings, constrict 8, camouflage
1, gelatinous body 1
a: no special abilities


You were on level 1 of the Dungeon.
You were not hungry.

You visited 1 branch of the dungeon, and saw 1 of its levels.

You collected 21 gold pieces.

Inventory:

Hand Weapons
 g - a +2 dagger of draining
Missiles
 a - 12 arrows
Scrolls
 e - a scroll of teleportation {unknown}
 h - a scroll of identify {unknown}
 i - 2 scrolls of enchant weapon {unknown}
Potions
 d - a potion of cancellation {unknown}
 f - 2 potions of mutation {unknown}
Books
 b - a book of Changes

   Spells                             Type                      Level
   a - Beastly Appendage              Transmutation                1
   b - Sticks to Snakes               Transmutation                2
   c - Spider Form                    Transmutation/Poison         3
   d - Ice Form                       Ice/Transmutation            4
   e - Blade Hands                    Transmutation                5
Comestibles
 c - a bread ration


   Skills:
 - Level 1.0(0.7) Fighting
 - Level 2.0(1.7) Dodging
 * Level 1.2(1.0) Stealth
 + Level 3.7(3.4) Unarmed Combat
 - Level 2.0(1.8) Spellcasting
 - Level 2.0(1.8) Transmutations


You had 4 spell levels left.
You knew the following spells:

 Your Spells              Type           Power        Failure   Level  Hunger
a - Beastly Appendage     Tmut           #.....       11%         1    ##.....


Dungeon Overview and Level Annotations

Branches:
Dungeon (1/15)

Altars:


Innate Abilities, Weirdness & Mutations

You cannot wear most types of armour.
You are very stealthy in the water. (Stealth+)
You are amphibious.
You can wear up to eight rings at the same time.
You can use your tentacles to constrict eight enemies at once.
Your skin changes colour to match your surroundings (Stealth+).
Your rubbery body absorbs attacks. (AC +1, EV +1)


Message History

A kobold comes into view. It is wielding a short sword.
A hobgoblin comes into view. It is wielding a club.
The kobold shouts!
The hobgoblin shouts!
You hear a bark!
A jackal comes into view.
A jackal comes into view.
The jackal moves out of view.
A rat comes into view.
The kobold barely misses you.
The jackal barks!
You tentacle-slap the kobold but do no damage.
Your grab misses the kobold. The hobgoblin closely misses you.
The kobold hits you with a short sword!
You barely miss the kobold. You grab the kobold.
You constrict the kobold, but do no damage.
The jackal barely misses you. The jackal bites you.
The kobold barely misses you.
You release your grip on the kobold.
The jackal bites you. The hobgoblin hits you with a club!
You die...

######## #......#
########......# ######
..............# #......
.....r.hKgh...######..#....
........##@##...........#
........#..##........######
####...##.....####.....#...
##..##...#####..........
#...#..................
##.....................
#.#....≈≈≈≈≈≈≈≈≈÷÷≈≈≈≈
###......≈≈≈≈≈≈≈≈≈≈)≈≈≈≈
#........≈≈≈≈≈≈≈≈≈≈≈≈≈≈≈


You could see 2 jackals, a hobgoblin, a kobold and a rat.

Vanquished Creatures
  An ooze (D:1)
  A bat (D:1)
  3 goblins (D:1)
  2 hobgoblins (D:1)
  4 kobolds (D:1)
  A frilled lizard (D:1)
  3 rats (D:1)
15 creatures vanquished.

Notes
Turn   | Place    | Note
-------+----------+-------------------------------------------
     0 | D:1      | mastercheaf21 the Octopode Transmuter began the quest for the Orb.
     0 | D:1      | Reached XP level 1. HP: 13/13 MP: 3/3
   407 | D:1      | Reached XP level 2. HP: 18/18 MP: 5/5
   421 | D:1      | Reached skill level 1 in Stealth
   760 | D:1      | Slain by a hobgoblin

Vault maps used:
D:1:      dpeg_arrival_castle

Skill      XL: |  1  2 |
---------------+-------+-----
Stealth        | 1 |  1.2
Fighting       | |  1.0
Dodging        | |  2.0
Unarmed Combat | |  3.7
Spellcasting   | |  2.0
Transmutations | |  2.0

Action                   || total
-------------------------++-------
Melee: Unarmed           ||    34
       Tentacles         ||     8
       Constrict         ||    10
Armor: Skin              ||     3
Dodge: Dodged            ||    18

Table legend:
 A = Spawn XP
 B = Non-spawn XP
 C = Spawn XP percentage of total XP
 D = Spawn monster count
 E = Non-spawn monster count
 F = Spawn count percentage of total count
 G = Total turns spent on level
                    A         B        C        D         E        F      G
               +---------+---------+-------+---------+---------+-------+---------
         Total |       0 |      29 |   0.0 |       0 |      15 |   0.0 |   760
               +---------+---------+-------+---------+---------+-------+---------
           D:1 |       0 |      29 |   0.0 |       0 |      15 |   0.0 |   760
               +---------+---------+-------+---------+---------+-------+---------
